 Dungeon Crawl Stone Soup version 0.19.1 (webtiles) character file.

145 Lilleppy the Chopper (level 5, -8/42 (45) HPs)
             Began as a Ghoul Gladiator on Dec 10, 2016.
             Was a Follower of Trog.
             Mangled by an ogre
             ... wielding a +0 giant club
              (20 damage)
             ... on level 3 of the Dungeon.
             The game lasted 00:03:52 (1388 turns).

Lilleppy the Chopper (Ghoul Gladiator)              Turns: 1388, Time: 00:03:53

HP:   -8/42 (45)    AC: 11    Str: 20    XL:     5   Next: 27%
MP:   4/4           EV:  6    Int:  3    God:    Trog [*.....]
Gold: 86            SH:  0    Dex:  9    Spells: 0 memorised, 4 levels left

rFire  . . .     SeeInvis .     b - +0 hand axe (curse)
rCold  + . .     Gourm    .     o - +0 plate armour
rNeg   + + +     Faith    .     (no shield)
rPois  ∞         Spirit   .     c - +0 helmet
rElec  .         Reflect  .     (no cloak)
rCorr  .         Harm     .     (no gloves)
MR     .....                    (no boots)
Stlth  ..........               (no amulet)
                                (no ring)
                                (no ring)

@: rotting
A: rotting body, claws 1, carnivore 3, cold resistance 1, negative energy
resistance 3, slow regeneration 1, torment resistance, unbreathing
a: Burn Spellbooks, Renounce Religion


You were on level 3 of the Dungeon.
You worshipped Trog.
Trog was aware of your devotion.
You were hungry.

You visited 1 branch of the dungeon, and saw 3 of its levels.

You collected 86 gold pieces.

Inventory:

Hand Weapons
 a - a +0 war axe
 b - a cursed +0 hand axe (weapon)
Missiles
 d - 3 throwing nets (quivered)
Armour
 c - a +0 helmet (worn)
 e - a +0 chain mail
 o - a +0 plate armour (worn)
Scrolls
 g - 7 scrolls of identify
 i - a scroll of magic mapping
 n - a scroll of remove curse {unknown}
Potions
 h - a potion of curing {unknown}
 j - a potion of cancellation {unknown}
 k - a potion of might {unknown}
 m - 2 potions of agility {unknown}
Comestibles
 f - a meat ration
 l - a beef jerky


   Skills:
 + Level 3.2 Fighting
 + Level 4.1 Axes
 + Level 2.0 Throwing
 + Level 1.5 Armour
 + Level 2.9 Dodging


You had 4 spell levels left.
You didn't know any spells.

Dungeon Overview and Level Annotations

Branches:
Dungeon (3/15)

Altars:
Okawaru
Trog


Innate Abilities, Weirdness & Mutations

Your body is rotting away.
You thrive on raw meat.
You are immune to poison.
You have sharp fingernails.
You are carnivorous and can eat meat at any time.
Your flesh is cold resistant. (rC+)
You are immune to negative energy. (rN+++)
You regenerate slowly when monsters are visible.
You are immune to unholy pain and torment.
You can survive without breathing.


Message History

The orc wizard gestures wildly while chanting.
The orc wizard flickers and vanishes!
The bat hits you but does no damage. x2
An ogre comes into view. It is wielding a giant club.
The ogre shouts!
The bat hits you but does no damage. x2
The bat hits you but does no damage.
You see here a book of Minor Magic.
The bat hits you but does no damage. x2; The ogre barely misses you.
Found a clear potion.
You completely miss the ogre. You closely miss the bat.
The bat barely misses you. The bat hits you but does no damage.
The ogre hits you with a giant club.
* * * LOW HITPOINT WARNING * * *
The bat hits you but does no damage.
You hit the ogre.
The ogre is moderately wounded.
You hit the bat but do no damage. The bat completely misses you.
The bat closely misses you. The ogre hits you with a giant club!!
You die...

#. ### #.# !. ..# #.#
### #. #.# #.. ..# #.
#.# #.####.# #. #.#
#....#.## ## #. #.#
#..#.#.##
##...#.###o#####....#.#.
......O@boo..{.....)..((
##...#.###.#####......#.
## ... ...# #..######
###.##### #.## # #. #.#
#. #.# #. #.# #. #.#


You could see an ogre, 3 orcs and a bat.

Vanquished Creatures
  The ghost of VictoriousLee the Sneak, an amateur OpAs (D:3)
  2 adders (D:2)
  2 worms
  2 dart slugs
  4 leopard geckos
  An orc (D:3)
  A giant cockroach (D:1)
  2 hobgoblins
  10 kobolds
  A ball python (D:1)
  5 bats
  5 frilled lizards
  5 goblins
  A rat (D:1)
42 creatures vanquished.

Notes
Turn   | Place    | Note
-------+----------+-------------------------------------------
     0 | D:1      | Lilleppy the Ghoul Gladiator began the quest for the Orb.
     0 | D:1      | Reached XP level 1. HP: 17/17 MP: 0/0
   174 | D:1      | Reached XP level 2. HP: 18/24 MP: 1/1
   238 | D:1      | Reached skill level 3 in Axes
   720 | D:2      | Found an iron altar of Okawaru.
   748 | D:2      | Reached XP level 3. HP: 21/30 MP: 2/2
   755 | D:2      | Found a faded altar of an unknown god.
   763 | D:2      | Became a worshipper of Trog the Wrathful
   763 | D:2      | Reached * piety under Trog
  1091 | D:3      | Reached XP level 4. HP: 26/36 MP: 3/3
  1317 | D:3      | Noticed VictoriousLee's ghost (amateur OpAs)
  1354 | D:3      | Killed VictoriousLee's ghost
  1354 | D:3      | Reached skill level 4 in Axes
  1354 | D:3      | Reached skill level 1 in Armour
  1354 | D:3      | Reached XP level 5. HP: 21/42 MP: 4/4
  1383 | D:3      | Noticed an ogre
  1388 | D:3      | Mangled by an ogre

Skill      XL: |  1  2  3  4 |
---------------+-------------+-----
Throwing       | 2 |  2.0
Axes           | 3 4 |  4.1
Fighting       | 3 |  3.2
Armour         | 1 |  1.5
Dodging        | |  2.9

Action                   |  1- 3 |  4- 6 || total
-------------------------+-------+-------++-------
Melee: War axe           |    65 |       ||    65
       Hand axe          |    61 |    67 ||   128
  Use: Scroll            |     2 |       ||     2
  Eat: Chunk             |     1 |       ||     1
Armor: Chain mail        |    93 |     7 ||   100
       Plate armour      |       |    67 ||    67
Dodge: Dodged            |    54 |    42 ||    96
